 Dungeon Crawl Stone Soup version 0.29.1-12-g30fa7ad0bf (webtiles) character file.

Game seed: 10414023634571791055

1841 112233 the Magician (level 8, -1/58 HPs)
             Began as a Mummy Necromancer on Dec 18, 2022.
             Was an Initiate of Gozag.
             Slain by a black bear (6 damage)
             ... on level 8 of the Dungeon.
             The game lasted 00:08:00 (6714 turns).

112233 the Magician (Mummy Necromancer)             Turns: 6714, Time: 00:08:01

Health: -1/58      AC:  2    Str: 12    XL:     8   Next: 87%
Magic:  2/19       EV: 13    Int: 16    God:    Gozag
Gold:   291        SH:  0    Dex: 12    Spells: 10/22 levels left

rFire   x . .      SeeInvis .   c - +2 short sword (freeze)
rCold   + . .      Faith    .   (no shield)
rNeg    + + +      Spirit   .   a - +0 robe
rPois   ∞          Reflect  .   (no helmet)
rElec   .          Harm     .   (no cloak)
rCorr   .          Rampage  .   (no gloves)
Will    +....                   (no boots)
Stlth   ++........              (no amulet)
HPRegen 0.19/turn               e - ring of wizardry
MPRegen 0.16/turn               (no ring)

@: gold aura, very slightly contaminated
A: cold resistance 1, negative energy resistance 3, torment resistance 2, heat
vulnerability 1, in touch with death 1, no potions
a: Renounce Religion, Potion Petition, Call Merchant, Bribe Branch


You were on level 8 of the Dungeon.
You worshipped Gozag.
Gozag was aware of your devotion.
You visited 1 branch of the dungeon, and saw 8 of its levels.

You collected 390 gold pieces.
You paid 99 gold pieces to Gozag.

Inventory:

Hand Weapons
 c - a +2 short sword of freezing (weapon)
Missiles
 i - 3 poisoned darts
 n - a throwing net
Armour
 a - a +0 robe (worn)
 d - a +0 buckler
 k - a +2 tower shield
 l - a +0 pair of gloves
Jewellery
 e - a ring of wizardry (left hand)
Wands
 g - a wand of iceblast (4)
 h - a wand of mindburst (3)
 q - a wand of flame (18)
Scrolls
 b - a scroll of identify
 f - 2 scrolls of noise
 j - a scroll of magic mapping
 m - a scroll of enchant armour


   Skills:
 + Level 3.4 Fighting
 + Level 4.3 Dodging
 - Level 1.5 Stealth
 + Level 4.3 Shields
 + Level 7.6 Spellcasting
 + Level 6.8 Necromancy


You had 10 spell levels left.
You knew the following spells:

 Your Spells              Type           Power      Damage    Failure   Level
a - Necrotise             Necr           100%       1d9       1%          1
b - Vampiric Draining     Necr           41%        2d8       1%          3
c - Call Canine Familiar  Summ           6%         N/A       14%         3
d - Agony                 Necr           41%        N/A       9%          5

Your spell library contained the following spells:

 Spells                   Type           Power      Damage    Failure   Level
 Summon Small Mammal      Summ           24%        N/A       4%          1
 Summon Guardian Golem    Hex/Summ       6%         N/A       14%         3
 Animate Armour           Summ/Erth      12%        N/A       41%         4
 Iron Shot                Conj/Erth      3%         9d2       99%         6
 Animate Dead             Necr           Unusable   N/A       N/A         4
 Blade Hands              Tmut           Unusable   N/A       N/A         5

Dungeon Overview and Level Annotations

Branches:
Dungeon (9/15)
 Temple: D:4-7         Lair: D:8-11         Orc: D:9-12

Altars:
Gozag
Nemelex Xobeh
Okawaru
Qazlal

Annotations:
D:4 Duvessa
D:5 exclusion: downstairs, Edmund


Innate Abilities, Weirdness & Mutations

You are immune to poison.
Your flesh is cold resistant. (rC+)
You are immune to negative energy. (rN+++)
You are immune to unholy pain and torment.
You are vulnerable to heat. (rF-)
You are in touch with the powers of death.
You do not drink.


Message History

You are very lightly contaminated with residual magic.
Nothing appears to happen.
The wyvern barely misses you. The black bear closely misses you.
The black bear completely misses you. The black bear claws you.
* * * LOW HITPOINT WARNING * * *
Unknown command.
Casting: Vampiric Draining (safe; 1% risk of failure)
Confirm with . or Enter, or press ? or * to list all spells.
Aiming: Vampiric Draining (safe; 1% risk of failure)
Press: ? - help, Shift-Dir - straight line, f/p - wyvern
Aim: a wyvern (heavily wounded)
You feel a surge of power!
You draw life force from the wyvern!
You feel life coursing into your body. The wyvern closely misses you.
The black bear misses you. The black bear barely misses you.
The black bear claws you.
* * * LOW HITPOINT WARNING * * *
The wyvern barely misses you.
Unknown command.
Unknown command.
Casting: Vampiric Draining (safe; 1% risk of failure)
Confirm with . or Enter, or press ? or * to list all spells.
Aiming: Vampiric Draining (safe; 1% risk of failure)
Press: ? - help, Shift-Dir - straight line, f/p - wyvern
Aim: a wyvern (almost dead)
You feel a surge of power!
You draw life force from the wyvern!
You kill the wyvern!
You feel life coursing into your body. The black bear misses you.
The black bear closely misses you. The black bear claws you.
* * * LOW HITPOINT WARNING * * *
Unknown command.
Casting: Vampiric Draining (safe; 1% risk of failure)
Confirm with . or Enter, or press ? or * to list all spells.
Aiming: Vampiric Draining (safe; 1% risk of failure)
Press: ? - help, Shift-Dir - straight line, f - black bear
Aim: a black bear You feel a surge of power!
You draw life force from the black bear.
You feel life coursing into your body. The black bear bites you.
You die...
Your body crumbles into a pile of gold.

...#*,<#...##+##########.........
,,,*,,,###..#.# ###..........
,,,*,,** ##.#.# ##............
,$,,***** #...### #.......######
,,,,,,,,* ##....####..######
,⌠,,,,,,* ##............#
,,,,,,,,* ###..##...##.#
,,,,***,* ##$$.Z.##*,# ,,,*,,***
#@###.# *,* ,,,*,,,* #h# #.# *,*
,,,**,<* #.# #.#**,* ,,,***** #.#
#..,*,* **** #.# ###**,* #.# *,*
#.# *,* #.#######.# #...!.....#


You could see a black bear and a killer bee zombie (wandering).

Vanquished Creatures
  3 yaks (D:8)
  A wyvern (D:8)
  2 water moccasins (D:9)
  A sky beast (D:8)
  An ogre (D:6)
  2 bullfrogs
  A scorpion (D:8)
  A wyvern zombie (D:8)
  2 wights (D:8)
  A centaur zombie (D:8)
  A hound (D:3)
  2 jellies
  2 gnoll boudas (D:8)
  2 orc wizards
  An iguana (D:5)
  2 howler monkey zombies (D:8)
  11 gnolls
  4 adders
  A worm (D:3)
  A dart slug (D:4)
  11 orcs
  9 ball pythons
  10 endoplasms
  A giant cockroach (D:1)
  3 goblins
  4 hobgoblins
  A jackal (D:2)
  8 kobolds
  3 quokkas
  5 bats
  A frilled lizard (D:2)
  4 rats
102 creatures vanquished.

Vanquished Creatures (collateral kills)
  A killer bee zombie (D:8)
  A gnoll (D:3)
  A ball python (D:3)
  An endoplasm (D:3)
  A giant cockroach (D:1)
  2 rats
7 creatures vanquished.

Vanquished Creatures (others)
  31 fungi (D:9)
  66 plants
  2 withered plants (D:8)
99 creatures vanquished.

Grand Total: 208 creatures vanquished

Notes
Turn   | Place    | Note
-------+----------+-------------------------------------------
     0 | D:1      | 112233 the Mummy Necromancer began the quest for the Orb.
     0 | D:1      | Reached XP level 1. HP: 13/13 MP: 4/4
    50 | D:1      | Reached skill level 3 in Spellcasting
   269 | D:1      | Reached XP level 2. HP: 19/19 MP: 2/6
  1061 | D:2      | Found a sparkling altar of Nemelex Xobeh.
  1075 | D:2      | Reached skill level 4 in Spellcasting
  1585 | D:2      | Gained mutation: You are in touch with the powers of death.
                  | [Mummy growth]
  1585 | D:2      | Reached XP level 3. HP: 25/25 MP: 5/8
  1720 | D:2      | Learned a level 3 spell: Vampiric Draining
  2279 | D:3      | Reached skill level 1 in Fighting
  2491 | D:3      | Reached XP level 4. HP: 32/32 MP: 6/10
  2496 | D:3      | Reached skill level 1 in Shields
  3029 | D:3      | Found a faded altar of an unknown god.
  3154 | D:3      | Found a stormy altar of Qazlal.
  3557 | D:4      | Reached XP level 5. HP: 23/38 MP: 4/12
  3798 | D:4      | Noticed Duvessa
  3824 | D:5      | Entered Level 5 of the Dungeon
  4053 | D:5      | Reached skill level 5 in Spellcasting
  4116 | D:5      | Reached XP level 6. HP: 42/44 MP: 7/13
  4239 | D:6      | Reached skill level 5 in Necromancy
  4489 | D:6      | Found an iron altar of Okawaru.
  4610 | D:5      | Noticed Edmund
  4617 | D:5      | You fall into a shaft and drop 3 floors!
  4634 | D:8      | Found an opulent altar of Gozag.
  4648 | D:8      | Became a worshipper of Gozag Ym Sagoz the Greedy
  4732 | D:8      | Learned a level 3 spell: Call Canine Familiar
  4884 | D:8      | Reached XP level 7. HP: 50/50 MP: 1/15
  5244 | D:8      | Noticed a yak
  5262 | D:8      | Noticed a yak
  5263 | D:8      | Noticed a yak
  5267 | D:8      | Killed a yak
  5268 | D:8      | Reached skill level 6 in Spellcasting
  5307 | D:8      | Killed a yak
  5348 | D:9      | Noticed a yak
  5348 | D:9      | Noticed a yak
  5349 | D:9      | Noticed a yak
  5435 | D:8      | Killed a yak
  5436 | D:8      | Reached XP level 8. HP: 12/56 MP: 4/18
  5588 | D:8      | Learned a level 5 spell: Agony
  5987 | D:8      | Reached skill level 7 in Spellcasting
  6714 | D:8      | Slain by a black bear

Illustrated notes

Levels and vault maps discovered:
D:1:      eino_arrival_water_star, layout_basic
D:2:      minmay_spotlight, layout_basic, serial_bayou, serial_bayou_lagoon_b,
          serial_bayou_lake_a, serial_bayou_crossing, serial_bayou_lagoon_a,
          serial_bayou_shore_a, serial_bayou_pond_d, basic_altar
D:3:      layout_basic, mainiacjoe_overflow_cross_hatched,
          basic_ecumenical_altar, minmay_fractal_squares_diagonal_5
D:4:      minmay_general_purpose_star, layout_basic, uniq_duvessa
D:5:      layout_rooms, kennysheep_mini, uniq_edmund
D:6:      layout_rooms, regret_index_temple_of_mockery,
          mainiacjoe_overflow_24_doors, grunt_decor_cap
D:8:      layout_basic, nicolae_gozag_cash_rules_everything_around_me,
          serial_undead, serial_undead_b, serial_undead_d, serial_undead_c,
          serial_undead_a, grunt_ministairs_6, dreamdust_princess_corridor
D:9:      layout_irregular_city, due_lair_maze_entry_diamond,
          gammafunk_ghost_berserking_beasts

Skill      XL: |  1  2  3  4  5  6  7  8 |
---------------+-------------------------+-----
Spellcasting   | 3 4 5 6 7 |  7.6
Fighting       | 1 2 3 |  3.4
Shields        | 1 2 3 4 |  4.3
Dodging        | 2 3 4 |  4.3
Necromancy     | 5 6 |  6.8
Stealth        | |  1.5

Action                   |  1- 3 |  4- 6 |  7- 9 || total
-------------------------+-------+-------+-------++-------
Melee: Unarmed           |     1 |       |       ||     1
       Short sword       |     2 |     2 |    70 ||    74
       Punch             |       |       |     1 ||     1
 Cast: Necrotise         |    69 |   119 |    16 ||   204
       Vampiric Draining |       |     4 |    34 ||    38
Evoke: Wand              |       |       |    13 ||    13
  Use: Scroll            |       |     6 |     6 ||    12
 Stab: Paralysed         |       |       |    41 ||    41
Armor: Robe              |     3 |     5 |     9 ||    17
Dodge: Dodged            |    15 |    21 |    68 ||   104
